 Dungeon Crawl Stone Soup version 0.31-a0-1204-ge2c1a860ed (webtiles) character file.

Game seed: 13994967396072011966

48 backslashecho the Gusty (level 3, -1/21 HPs)
             Began as an Octopode Air Elementalist on Dec 12, 2023.
             Slain by a gnoll
             ... wielding a +0 spear
              (9 damage)
             ... on level 2 of the Dungeon.
             The game lasted 00:02:40 (1296 turns).

backslashecho the Gusty (Octopode Air Elementalist) Turns: 1296, Time: 00:02:40

Health: -1/21      AC:  1    Str:  7    XL:     3   Next: 72%
Magic:  1/6        EV: 13    Int: 19    God:
Gold:   119        SH:  0    Dex: 12    Spells: 5/6 levels left

rFire   + . .        b - +0 dagger
rCold   + . .        (no shield)
rNeg    . . .        (helmet restricted)
rPois   +            (no amulet)
rElec   +            (no ring)
rCorr   +            (no ring)
SInv    .            (no ring)
Will    .....        (no ring)
Stlth   +++          (no ring)
HPRegen 0.23/turn    (no ring)
MPRegen 0.10/turn    (no ring)
                     (no ring)

%: no passive effects
@: resistant
A: almost no armour, amphibious, 8 rings, camouflage 1, gelatinous body 1,
(nimble swimmer 1), tentacles
a: no special abilities


You were on level 2 of the Dungeon.
You visited 1 branch of the dungeon, and saw 2 of its levels.

You collected 119 gold pieces.

Inventory:

Hand Weapons
 b - a +0 dagger (weapon)
 h - the +1 whip of the Gloaming {venom, rElec Will- MP+9 Int+4}
   (You found it on level 2 of the Dungeon)

   Int+4:     It affects your intelligence (+4).
   rElec:     It insulates you from electricity.
   Will-:     It decreases your willpower.
   MP+9:      It affects your magic capacity (+9).
Scrolls
 c - a scroll of immolation {unknown}
 e - 2 scrolls of identify {unknown}
 g - a scroll of poison {unknown}
Potions
 a - a potion of magic
 f - a potion of resistance


   Skills:
 - Level 2.0 Dodging
 - Level 3.0 Stealth
 + Level 2.4 Spellcasting
 * Level 2.4 Conjurations
 + Level 3.4 Air Magic


You had 5 spell levels left.
You knew the following spells:

 Your Spells              Type           Power      Damage    Failure   Level
a - Shock                 Conj/Air       52%        1d6       4%          1

Your spell library contained the following spells:

 Spells                   Type           Power      Damage    Failure   Level
 Static Discharge         Conj/Air       26%        3-5/arc   8%          2
 Swiftness                Air            15%        N/A       12%         3
 Blink                    Tloc           4%         N/A       24%         2
 Airstrike                Air            7%         2d(2-18)  36%         4
 Manifold Assault         Tloc           2%         N/A       85%         4


Dungeon Overview and Level Annotations

Branches:
Dungeon (2/15)

Altars:


Innate Abilities, Weirdness & Mutations

You cannot wear most types of armour.
You are amphibious.
You can wear up to eight rings at the same time.
Your skin changes colour to match your surroundings (Stealth+).
Your rubbery body absorbs attacks. (AC +1, EV +1)
((You are camouflaged when in or above water. (Stealth+)))
You have tentacles for arms and can constrict up to eight enemies at once.


Message History

Casting: Shock (safe; 5% risk of failure)
Confirm with . or Enter, or press ? or * to list all spells.
Aiming: Shock (safe; 5% risk of failure)
Press: ? - help, Shift-Dir - straight line, f/p - gnoll
Aim: a gnoll, wielding a +0 spear and quivering a throwing net (severely wounded, 72% to hit)
The zap hits the gnoll.
The gnoll is severely wounded.
The zap hits the gnoll.
The gnoll is severely wounded.
You now have 1/6 mp.
Casting: Shock (safe; 5% risk of failure)
Confirm with . or Enter, or press ? or * to list all spells.
Aiming: Shock (safe; 5% risk of failure)
Press: ? - help, Shift-Dir - straight line, f/p - gnoll
Aim: a gnoll, wielding a +0 spear and quivering a throwing net (severely wounded, 72% to hit)
The zap hits the gnoll.
The gnoll is moderately wounded.
The zap hits the gnoll.
You kill the gnoll!
The zap hits the gnoll.
You kill the gnoll!
The gnoll barely misses you.
You now have 1/6 mp.
Casting: Shock (safe; 4% risk of failure)
Confirm with . or Enter, or press ? or * to list all spells.
Aiming: Shock (safe; 4% risk of failure)
Press: ? - help, Shift-Dir - straight line, f - gnoll
Aim: a gnoll, wielding a +0 spear and wearing a +0 chain mail (moderately wounded, 81% to hit)
The zap hits the gnoll but does no damage.
The gnoll is moderately wounded.
The gnoll barely misses you.
You now have 0/6 mp.
Casting: Shock (safe; 4% risk of failure)
Confirm with . or Enter, or press ? or * to list all spells.
You don't have enough magic to cast this spell.
The gnoll attacks as it pursues you!
The gnoll hits you from afar with a +0 spear!
You take 9 damage, and have 12/21 hp.
MASSIVE DAMAGE!!
The gnoll attacks as it pursues you!
The gnoll hits you from afar with a +0 spear!
* * * LOW HITPOINT WARNING * * *
You take 8 damage, and have 4/21 hp.
MASSIVE DAMAGE!!
It was a potion of resistance.
You feel protected. The gnoll closely misses you.
It was a potion of curing.
You feel better.
The gnoll hits you from afar with a +0 spear.
You regained 4 hp, and now have 8/21 hp.
The gnoll hits you with a +0 spear!
You die... #.# .... #.# .... #.# .... #.# .... #.# .ggg

#.# ...g #.#
...g##############.#
....).$........g@..#
....################
.... ####


You could see a gnoll.

Vanquished Creatures
  2 gnolls (D:2)
  2 bats
  A giant cockroach (D:1)
  2 goblins
  A hobgoblin (D:1)
  8 jackals
  2 ball pythons (D:1)
  2 frilled lizards
  3 kobolds
  4 rats
27 creatures vanquished.

Notes
Turn   | Place    | Note
-------+----------+-------------------------------------------
     0 | D:1      | backslashecho the Octopode Air Elementalist began the quest
                  | for the Orb.
     0 | D:1      | Reached XP level 1. HP: 11/11 MP: 3/3
   198 | D:1      | Reached XP level 2. HP: 17/17 MP: 3/5
  1003 | D:2      | Reached XP level 3. HP: 21/21 MP: 0/6
  1193 | D:2      | Found a faded altar of an unknown god.
  1200 | D:2      | Identified the +1 whip of the Gloaming {venom, rElec Will-
                  | MP+9 Int+4}
  1296 | D:2      | Slain by a gnoll

Illustrated notes

Levels and vault maps discovered:
D:1:      psy_arrival_conway, layout_basic
D:2:      layout_basic, shapermc_ecumenical_altar_acropolis, basic_altar,
          nicolae_grassy_gnolls, uniq_robin

Skill      XL: |  1  2 |
---------------+-------+-----
Stealth        | 3 |  3.0
Conjurations   | 2 |  2.4
Dodging        | |  2.0
Spellcasting   | |  2.4
Air Magic      | |  3.4

Action                     || total
---------------------------++-------
  Melee: Dagger            ||     2
         Constrict         ||     2
         Tentacles         ||     1
   Cast: Shock             ||    50
    Use: Potion            ||     2
 Armour: Skin              ||    11
  Dodge: Dodged            ||    14

Table legend: (Time is in decaauts)
 A = Elapsed time spent in this place.
 B = Non-inter-level travel time spent in this place.
 C = Inter-level travel time spent in this place.
 D = Time resting spent in this place.
 E = Time spent auto-exploring this place.
 F = Levels seen in this place.
 G = Mean time per level.
                   A        B        C        D        E       F      G
               +--------+--------+--------+--------+--------+-----+--------+
         Total |   1295 |   1198 |     97 |    200 |    765 |   2 |  647.5 |
       Dungeon |   1295 |   1198 |     97 |    200 |    765 |   2 |  647.5 |
               +--------+--------+--------+--------+--------+-----+--------+

Top non-repeatable levels by time:
     D:1: 938 daAuts
     D:2: 357 daAuts
